 Dungeon Crawl Stone Soup version 0.26-a0-778-g3fe0686644 (webtiles) character file.

Game seed: 3191309189906225023

5 DarkMailMan the Insei (level 1, 0/15 HPs)
             Began as a Demigod Transmuter on Nov 10, 2020.
             Slain by a hobgoblin
             ... wielding a +0 club
             ... led by Robin
              (6 damage)
             ... on level 2 of the Dungeon.
             The game lasted 00:00:13 (43 turns).

DarkMailMan the Insei (Demigod Transmuter)            Turns: 43, Time: 00:00:14

Health: 0/15       AC:  2    Str: 13    XL:     1   Next: 53%
Magic:  5/5        EV: 12    Int: 17    God:
Gold:   0          SH:  0    Dex: 16    Spells: 2/3 levels left

rFire    . . .     SeeInvis .     - Unarmed
rCold    . . .     Faith    .   (no shield)
rNeg     . . .     Spirit   .   a - +0 robe
rPois    .         Reflect  .   (no helmet)
rElec    .         Harm     .   (no cloak)
rCorr    .         Rampage  .   (no gloves)
MR       .....                  (no boots)
Stlth    +.........             (no amulet)
HPRegen  0.05/turn              (no ring)
MPRegen  0.09/turn              (no ring)

@: no status effects
A: high mp 1
a: no special abilities


You were on level 2 of the Dungeon.
You visited 1 branch of the dungeon, and saw 2 of its levels.

Inventory:

Armour
 a - a +0 robe (worn)


   Skills:
 + Level 0.8 Fighting
 + Level 1.8 Dodging
 + Level 2.9 Unarmed Combat
 + Level 1.8 Spellcasting
 + Level 1.9 Transmutations


You had 2 spell levels left.
You knew the following spells:

 Your Spells              Type           Power        Failure   Level
a - Beastly Appendage     Tmut           #.....       9%          1

Your spell library contained the following spells:

 Spells                   Type           Power        Failure   Level
 Wereblood                Tmut           #.......     13%         2
 Spider Form              Tmut/Pois      #.........   36%         3
 Ice Form                 Ice/Tmut       #.......     78%         4
 Blade Hands              Tmut           #.........   94%         5


Dungeon Overview and Level Annotations

Branches:
Dungeon (1/15)

Annotations:
D:2 Robin


Innate Abilities, Weirdness & Mutations

You have an increased reservoir of magic. (+10% MP)


Message History

The goblin shouts! x2; The hobgoblin shouts!
A hobgoblin comes into view.
Found an escape hatch in the floor.
Your horns disappear.
Your talons disappear.
The hobgoblin shouts!
A goblin comes into view. It is wielding a +0 club.
Robin shouts!
Robin roars a battlecry!
The goblins go into a battle-frenzy!
A bat comes into view.
The bat hits you but does no damage.
You closely miss the bat. The bat hits you but does no damage.
The bat closely misses you. The hobgoblin closely misses you.
You closely miss the hobgoblin. The bat completely misses you.
The hobgoblin closely misses you. The goblin barely misses you.
You completely miss the hobgoblin. The bat misses you.
The bat hits you but does no damage. The goblin hits you with a +0 dagger.
Robin's bangles clink loudly.
The hobgoblin hits you with a +0 club. x2
You die...

#...#..#†###.# ##
#.#...#..#.(...# ...
#.#.######.....###
#...#.#...#..().......
##..#.#.......#####...
.................# #.
.........†.#.#####
..#.....#g#.##
#....ggg@g.#
#....g#gg..#
........ggg.b$..#
........g.....#.<..
...>...........####
...............#
...............#
..>............#


You could see Robin, 5 hobgoblins, 6 goblins and a bat.

Vanquished Creatures
  A leopard gecko (D:2)
  A giant cockroach (D:2)
  A quokka (D:2)
  A kobold (D:2)
4 creatures vanquished.

Notes
Turn   | Place    | Note
-------+----------+-------------------------------------------
     0 | D:1      | DarkMailMan the Demigod Transmuter began the quest for the
                  | Orb.
     0 | D:1      | Reached XP level 1. HP: 15/15 MP: 5/5
     9 | D:1      | You fall into a shaft and drop 1 floor!
     9 | D:2      | Found a sacrificial altar of Ru.
    35 | D:2      | Noticed Robin
    43 | D:2      | Slain by a hobgoblin

Illustrated notes

Levels and vault maps discovered:
D:1:      shiori_arrival_maze, layout_basic, minmay_distorted
D:2:      layout_rooms, hangedman_ru_absence, uniq_robin, uniq_natasha

Action                   || total
-------------------------++-------
Melee: Unarmed           ||     7
       Kick              ||     3
       Headbutt          ||     2
 Cast: Beastly Appendage ||     1
Armor: Robe              ||     3
Dodge: Dodged            ||    10

Table legend: (Time is in decaauts)
 A = Elapsed time spent in this place.
 B = Non-inter-level travel time spent in this place.
 C = Inter-level travel time spent in this place.
 D = Time resting spent in this place.
 E = Time spent auto-exploring this place.
 F = Levels seen in this place.
 G = Mean time per level.
                   A        B        C        D        E       F      G
               +--------+--------+--------+--------+--------+-----+--------+
         Total |     42 |     42 |      0 |      0 |      0 |   2 |   21.0 |
       Dungeon |     42 |     42 |      0 |      0 |      0 |   2 |   21.0 |
               +--------+--------+--------+--------+--------+-----+--------+

Top non-repeatable levels by time:
     D:2: 33 daAuts
     D:1: 9 daAuts
